 Dungeon Crawl Stone Soup version 0.29.1-1-gd02db6906a (webtiles) character file.

Game seed: 16069726043470912624

4097 quakins the Severer (level 10, -1/78 HPs)
             Began as a Minotaur Berserker on Oct 1, 2022.
             Was an Elder of Trog.
             Slain by a death yak (22 damage)
             ... on level 8 of the Dungeon.
             The game lasted 00:24:31 (14651 turns).

quakins the Severer (Minotaur Berserker)           Turns: 14651, Time: 00:24:32

Health: -1/78      AC:  9    Str: 25    XL:     10   Next: 5%
Magic:  9/9        EV: 13    Int:  4    God:    Trog [****..]
Gold:   434        SH:  0    Dex: 17    Spells: 9/9 levels left

rFire   . . .      SeeInvis .   m - +0 war axe
rCold   . . .      Faith    .   (no shield)
rNeg    . . .      Spirit   .   p - +0 chain mail
rPois   .          Reflect  .   (helmet restricted)
rElec   .          Harm     .   (no cloak)
rCorr   .          Rampage  .   (no gloves)
Will    ++...                   (no boots)
Stlth   ..........              (no amulet)
HPRegen 1.23/turn               k - +6 ring of dexterity
MPRegen 0.11/turn               l - +4 ring of evasion

@: lethally poisoned (-1 -> -2), marked, strong-willed, on berserk cooldown,
regenerating, slowed, very slow
A: horns 2, retaliatory headbutt
a: Renounce Religion, Berserk, Trog's Hand, Brothers in Arms


You were on level 8 of the Dungeon.
You worshipped Trog.
Trog was greatly pleased with you.
You visited 1 branch of the dungeon, and saw 8 of its levels.

You collected 434 gold pieces.

Inventory:

Hand Weapons
 m - a +0 war axe (weapon)
Armour
 i - a +0 scale mail
 p - a +0 chain mail (worn)
 q - an orb of wrath
Jewellery
 k - a +6 ring of dexterity (left hand)
 l - a +4 ring of evasion (right hand)
 s - a ring of poison resistance
 u - an amulet of guardian spirit
 y - an amulet of reflection
Wands
 g - a wand of digging (9)
 n - a wand of mindburst (23)
 t - a wand of charming (15)
 v - a wand of iceblast (11)
Scrolls
 b - a scroll of immolation
 d - 2 scrolls of vulnerability
 f - 9 scrolls of teleportation
 j - a scroll of identify
 r - a scroll of magic mapping
 w - a scroll of fog
 x - a scroll of enchant armour {unknown}
Potions
 a - 4 potions of curing
 e - a potion of attraction
 h - 3 potions of might
 o - a potion of lignification


   Skills:
 - Level 3.9 Fighting
 + Level 17.0 Axes
 - Level 2.9 Armour
 - Level 2.6 Dodging


You had 9 spell levels left.
You didn't know any spells.
Your spell library was empty.

Dungeon Overview and Level Annotations

Branches:
Dungeon (8/15)             Temple (0/1) D:6
   Lair: D:8-11

Altars:
Cheibriados
Gozag
Kikubaaqudgha
Makhleb
Okawaru
Sif Muna
Trog
Yredelemnul


Innate Abilities, Weirdness & Mutations

You have a pair of horns on your head.
You reflexively headbutt those who attack you in melee.


Message History

A killer bee comes into view. x2
The killer bee stings you but does no damage. x2
Items here: ( ) [ ††.
Your skin crawls.
You feel strong-willed. The killer bee stings you.
You are poisoned.
The killer bee poisons you! The killer bee misses you.
You miss the killer bee. Your headbutt misses the killer bee.
You feel very sick. The killer bee closely misses you. You furiously retaliate!
You headbutt the killer bee. The killer bee closely misses you.
A death yak comes into view.
You feel very sick. The killer bee stings you.
* * * LOW HITPOINT WARNING * * *
The killer bee misses you.
Items here: ( ))) [.
You feel much better.
You feel sick. The killer bee stings you!
You are more poisoned.
The killer bee poisons you! The killer bee closely misses you. x2
You furiously retaliate!
You headbutt the killer bee!
You kill the killer bee!
Trog accepts your kill. The killer bee stings you.
You are more poisoned.
The killer bee poisons you!
A death yak comes into view.
A killer bee comes into view.
You feel very sick. The death yak misses you. You furiously retaliate!
You headbutt the death yak!
Things that are here:
a +0 hand axe; 6 poisoned darts; an orc corpse You feel very sick.
The death yak gores you!
* * * LOW HITPOINT WARNING * * *
Your skin crawls.
You feel strong-willed.
You feel very sick. The death yak gores you!!
You die...

###### #.....#..#.#..#..#
########...##.##....####.
.................).......
.........#...#..#.#######
.........###.#..))# ####
........†###.####.####...
........Y).yy####...##.#
........Y##y..Y........##
........@##.######.##.:..
.........##.# #.##..)#
.........##.# #.###...
.........##.# #.###...
............. #.......
.$........... ######..
.......[..... #..
..........>.# ##. ##


You could see 2 death yaks.

Vanquished Creatures
  An unseen horror (D:6)
  The ghost of Wentworth the Sneak, an amateur OpIE (D:4)
  A wyvern (D:8)
  Eustachio (D:4)
  3 steam dragons (D:8)
  Menkaure (D:5)
  A water moccasin (D:5)
  2 black bears (D:5)
  A sky beast (D:6)
  An ogre (D:7)
  3 centaurs
  A phantom (D:4)
  3 kobold brigands
  A bullfrog (D:8)
  2 scorpions
  8 wights
  7 killer bees
  2 vampire bats (D:7)
  3 hounds
  2 gnoll boudas
  4 orc priests
  A jelly (D:5)
  4 iguanas
  10 orc wizards
  4 adders
  10 gnolls
  2 shadow imps
  3 white imps
  2 ufetubi (D:5)
  A worm (D:4)
  2 dart slugs
  26 orcs
  6 bats
  4 bat skeletons (D:7)
  2 bat zombies (D:7)
  9 endoplasms
  2 giant cockroaches (D:3)
  7 goblins
  11 hobgoblins
  6 jackals
  2 quokkas
  7 ball pythons
  A frilled lizard (D:2)
  23 kobolds
  8 rats
202 creatures vanquished.

Vanquished Creatures (others)
  An orc priest (D:8)
  An orc (D:8)
2 creatures vanquished.

Grand Total: 204 creatures vanquished

Notes
Turn   | Place    | Note
-------+----------+-------------------------------------------
     0 | D:1      | quakins the Minotaur Berserker began the quest for the Orb.
     0 | D:1      | Reached XP level 1. HP: 19/19 MP: 0/0
   124 | D:1      | Reached XP level 2. HP: 21/27 MP: 1/1
   630 | D:1      | Reached skill level 4 in Axes
   659 | D:1      | Found a faded altar of an unknown god.
  1000 | D:2      | Reached XP level 3. HP: 33/33 MP: 2/2
  1105 | D:2      | Reached ** piety under Trog
  1614 | D:3      | Reached skill level 5 in Axes
  1887 | D:3      | Reached XP level 4. HP: 38/40 MP: 3/3
  2069 | D:3      | Noticed a scorpion
  2079 | D:3      | Killed a scorpion
  2080 | D:3      | Reached skill level 6 in Axes
  2080 | D:3      | Reached XP level 5. HP: 46/46 MP: 4/4
  2130 | D:3      | Found a snail-covered altar of Cheibriados.
  2133 | D:3      | Found a bloodstained altar of Trog.
  2135 | D:3      | Found a shimmering blue altar of Sif Muna.
  2136 | D:3      | Found a basalt altar of Yredelemnul.
  9472 | D:4      | Noticed a phantom
  9480 | D:4      | Killed a phantom
  9481 | D:4      | Reached skill level 7 in Axes
  9570 | D:4      | Noticed Eustachio
  9579 | D:4      | Killed Eustachio
  9580 | D:4      | Reached skill level 8 in Axes
  9580 | D:4      | Reached XP level 6. HP: 52/52 MP: 5/5
  9938 | D:4      | Found a runed translucent door.
  9939 | D:4      | Noticed Wentworth's ghost (amateur OpIE)
  9963 | D:4      | Reached skill level 9 in Axes
  9963 | D:4      | Reached XP level 7. HP: 41/58 MP: 6/6
  9963 | D:4      | Killed Wentworth's ghost
  9964 | D:4      | Reached skill level 10 in Axes
 10340 | D:5      | Entered Level 5 of the Dungeon
 10550 | D:5      | Reached skill level 11 in Axes
 10889 | D:5      | Reached XP level 8. HP: 66/66 MP: 7/7
 10898 | D:5      | Found an opulent altar of Gozag.
 11114 | D:5      | Noticed Menkaure
 11163 | D:5      | Killed Menkaure
 11164 | D:5      | Reached skill level 12 in Axes
 11891 | D:5      | Found an iron altar of Okawaru.
 12056 | D:6      | Reached skill level 13 in Axes
 12163 | D:6      | Killed an unseen horror
 12588 | D:6      | Reached XP level 9. HP: 56/71 MP: 8/8
 12594 | D:6      | Reached skill level 14 in Axes
 12595 | D:6      | Reached *** piety under Trog
 12728 | D:6      | Identified the +3 mace "Newt's Peril" {freeze, rN+ Stlth+}
 12732 | D:6      | You fall into a shaft and drop 1 floor!
 12947 | D:6      | Found a staircase to the Ecumenical Temple.
 13334 | D:7      | Found an ancient bone altar of Kikubaaqudgha.
 13417 | D:7      | Reached skill level 15 in Axes
 13673 | D:7      | Reached **** piety under Trog
 14140 | D:8      | Reached skill level 16 in Axes
 14143 | D:8      | Found a burning altar of Makhleb.
 14297 | D:8      | Reached XP level 10. HP: 35/78 MP: 9/9
 14640 | D:8      | Noticed a death yak
 14642 | D:8      | Reached skill level 17 in Axes
 14646 | D:8      | Noticed a death yak
 14648 | D:8      | Noticed a death yak
 14651 | D:8      | Slain by a death yak

Illustrated notes

Levels and vault maps discovered:
D:1:      minmay_arrival_cross, layout_basic, basic_ecumenical_altar
D:2:      layout_basic, minmay_misc_feat_chi
D:3:      layout_basic, mainiacjoe_overflow_alcove_3
D:4:      layout_basic, ebering_ghost_inner_flame, uniq_eustachio
D:5:      layout_basic, okawaru_altar_gauntlet_db, grunt_gozag_breadcrumbs,
          grunt_tough_drop, uniq_menkaure
D:6:      layout_rooms, minmay_temple_entry_antechambers
D:7:      layout_basic, kennysheep_vampire_church
D:8:      layout_basic, mainiacjoe_overflow_small_starburst, dpeg_lair_monsters,
          st_stairs_12, minmay_evil_grid, uniq_erica

Skill      XL: |  1  2  3  4  5  6  7  8  9 10 |
---------------+-------------------------------+-----
Axes           | 4 5 6 8 9 11 13 16 17 | 17.0
Fighting       | |  3.9
Armour         | |  2.9
Dodging        | |  2.6

Action                   |  1- 3 |  4- 6 |  7- 9 | 10-12 || total
-------------------------+-------+-------+-------+-------++-------
Melee: Hand axe          |    71 |    69 |       |       ||   140
       Headbutt          |    10 |     9 |    42 |     1 ||    62
       Punch             |       |     1 |     3 |       ||     4
       War axe           |       |     7 |   244 |    11 ||   262
Invok: Berserk           |       |     5 |     7 |     1 ||    13
       Trog's Hand       |       |     1 |     1 |     2 ||     4
  Use: Scroll            |     5 |     2 |     3 |       ||    10
       Potion            |     6 |     2 |       |     2 ||    10
Armor: Animal skin       |     4 |       |       |       ||     4
       Scale mail        |    23 |    19 |    13 |       ||    55
       Chain mail        |       |       |    80 |    12 ||    92
Dodge: Dodged            |    49 |    49 |   172 |    17 ||   287
